 Dungeon Crawl Stone Soup version 0.19.1-1-g22dce08 (webtiles) character file.

93 thisisfake the Skirmisher (level 4, -1/40 HPs)
             Began as a Hill Orc Fighter on Dec 29, 2016.
             Was a Follower of Beogh.
             Slain by an adder (4 damage)
             ... on level 3 of the Dungeon.
             The game lasted 00:09:33 (2364 turns).

thisisfake the Skirmisher (Hill Orc Fighter)        Turns: 2364, Time: 00:09:34

Health: -1/40      AC:  6    Str: 19    XL:     4   Next: 61%
Magic:  4/4        EV:  8    Int:  8    God:    Beogh [*.....]
Gold:   49         SH:  9    Dex: 10    Spells: 0 memorised, 3 levels left

rFire  . . .     SeeInvis .     a - +0 war axe
rCold  + . .     Gourm    .     n - +1 ring mail {rC+}
rNeg   . . .     Faith    .     c - +0 shield
rPois  .         Spirit   .     (no helmet)
rElec  .         Reflect  .     (no cloak)
rCorr  .         Harm     .     (no gloves)
MR     .....                    (no boots)
Stlth  +.........               (no amulet)
                                (no ring)
                                (no ring)

@: lethally poisoned (-1 -> -1)
A: no striking features
a: Renounce Religion


You were on level 3 of the Dungeon.
You worshipped Beogh.
Beogh was aware of your devotion.
You were not hungry.

You visited 1 branch of the dungeon, and saw 3 of its levels.

You collected 49 gold pieces.

Inventory:

Hand Weapons
 a - a +0 war axe (weapon)
 f - a +0 short sword
 g - a +0 club
 i - a +0 short sword
 j - a +0 club
 t - a +0 vampiric dagger
 u - a cursed -2 club
 v - a +0 club
 y - a +0 spear
 C - a +0 spear
 G - a +0 short sword
Missiles
 k - 49 arrows
 E - 24 stones (quivered)
Armour
 b - a +0 scale mail
 c - a +0 shield (worn)
 n - a +1 ring mail of cold resistance (worn)
 o - a cursed +0 pair of boots
 r - a +0 robe
 B - a +0 ring mail
Jewellery
 e - a +6 ring of protection {unknown}
Wands
 z - a wand of iceblast (9/15)
 I - a wand of digging (16/24)
Scrolls
 l - a scroll of magic mapping {unknown}
 s - 3 scrolls of identify {unknown}
 w - a scroll of amnesia {unknown}
 A - a scroll of enchant weapon {unknown}
 H - a scroll of fog {unknown}
Potions
 d - a potion of might
 h - 2 potions of curing {unknown}
 m - a potion of haste {unknown}
 p - a potion of degeneration {unknown}
 x - a potion of lignification {unknown}
 F - a potion of heal wounds {unknown}
Books
 D - Vehumet's Handbook of Attacks
   (You found it on level 2 of the Dungeon)

   Spells                             Type                      Level
   a - Magic Dart                     Conjuration                  1
Comestibles
 q - a meat ration


   Skills:
 + Level 4.2 Fighting
 + Level 4.0 Axes
 + Level 3.8 Armour
 + Level 0.5 Dodging
 + Level 0.3 Stealth
 + Level 3.8 Shields


You had 3 spell levels left.
You didn't know any spells.

Dungeon Overview and Level Annotations

Branches:
Dungeon (3/15)

Altars:
Kikubaaqudgha
Sif Muna
Vehumet
Beogh


Message History

You kill the adder!
Beogh accepts your kill. The adder bites you but does no damage.
You closely miss the adder.
You feel sick. You block the adder's attack. The adder barely misses you.
You closely miss the adder.
You feel sick. The adder bites you but does no damage.
The adder barely misses you.
You closely miss the adder. The adder bites you but does no damage.
A bat comes into view.
You barely miss the adder. You block the adder's attack. x2
You miss the adder.
You feel sick. You block the adder's attack. The adder barely misses you.
You miss the adder. You block the adder's attack. The adder bites you.
* * * LOW HITPOINT WARNING * * *
You feel sick. The bat hits you but does no damage.
The adder bites you but does no damage. You block the bat's attack.
The bat barely misses you.
You feel sick. You block the bat's attack. The adder bites you.
You die...

#.......#
#.......#
#.......#
#†##.##.#
##.##.##.#
#........#
#..##.#..#
#..Sb....#
#.##@.#.## #.
#.## # #.##.##.#
#.......########
####.####......#
#........##.#
######.#.##.####
#.#.......###
#.####.##....


You could see an adder and a bat.

Vanquished Creatures
  4 adders
  2 worms
  2 dart slugs
  6 bats
  2 giant cockroaches
  8 goblins
  4 hobgoblins
  5 jackals (D:2)
  2 quokkas (D:2)
  2 ball pythons
  4 frilled lizards
  4 kobolds
  2 rats
47 creatures vanquished.

Notes
Turn   | Place    | Note
-------+----------+-------------------------------------------
     0 | D:1      | thisisfake the Hill Orc Fighter began the quest for the Orb.
     0 | D:1      | Reached XP level 1. HP: 19/19 MP: 1/1
   480 | D:1      | Reached XP level 2. HP: 27/27 MP: 2/2
  1412 | D:2      | Reached XP level 3. HP: 28/33 MP: 3/3
  1555 | D:2      | Found a faded altar of an unknown god.
  1579 | D:2      | Became a worshipper of Beogh the Brigand
  1579 | D:2      | Reached * piety under Beogh
  1697 | D:2      | Reached XP level 4. HP: 33/40 MP: 4/4
  1711 | D:2      | Paralysed by fainting for 7 turns
  1883 | D:2      | Found an ancient bone altar of Kikubaaqudgha.
  1905 | D:2      | Found a radiant altar of Vehumet.
  1925 | D:2      | Found a deep blue altar of Sif Muna.
  1958 | D:2      | Identified Vehumet's Handbook of Attacks
  2364 | D:3      | Slain by an adder

Skill      XL: |  1  2  3  4 |
---------------+-------------+-----
Axes           | 3 4 |  4.0
Fighting       | 4 |  4.2
Armour         | |  3.8
Dodging        | |  0.5
Stealth        | |  0.3
Shields        | |  3.8

Action                   |  1- 3 |  4- 6 || total
-------------------------+-------+-------++-------
Melee: War axe           |    94 |    67 ||   161
  Eat: Bread ration      |       |     1 ||     1
Armor: Scale mail        |    28 |       ||    28
       Ring mail         |    28 |    33 ||    61
Dodge: Dodged            |    43 |    32 ||    75
Block: Shield            |    63 |    40 ||   103
